Hartford Whalers vs Toronto Maple Leafs
Created - Saturday, January 24, 2026 at 08:58
Goals
|
| Hartford Whalers |
1 |
2 |
3 |
6 |
| Toronto Maple Leafs |
3 |
2 |
0 |
5 |
|
Shots
|
| Hartford Whalers |
16 |
11 |
13 |
40 |
| Toronto Maple Leafs |
9 |
13 |
16 |
38 |
|
1st period
1. Toronto Maple Leafs , Troy Terry 5 (Wyatt Johnston 6, Brady Tkachuk 5) at 0:08
2. Toronto Maple Leafs , Sam Bennett 4 (Aaron Ekblad 4, Quinton Byfield 5) at 5:56 (PP)
3. Toronto Maple Leafs , Brady Tkachuk 4 (Ryan Pulock 6, Wyatt Johnston 7) at 9:44 (PP)
4. Hartford Whalers , Tyler Seguin 1 (Tyson Foerster 2) at 18:19
Penalties :
Seth Jones (HFD) for High sticking (Minor) at 5:52, Nicolas Roy (TOR) for Slashing (Minor) at 6:59, Simon Edvinsson (HFD) for Goalie Interference (Minor) at 9:39, Warren Foegele (TOR) for Slashing (Double Minor) at 18:43
2nd period
5. Toronto Maple Leafs , Quinton Byfield 6 (Brandon Saad 3, Scott Laughton 3) at 4:45
6. Toronto Maple Leafs , Scott Laughton 3 (Ryan Hartman 4, Mario Ferraro 1) at 11:24
7. Hartford Whalers , Pierre-Luc Dubois 1 (Jordan Kyrou 3, Sidney Crosby 4) at 11:40
8. Hartford Whalers , Frank Nazar 2 (Devon Toews 1, Tyler Seguin 5) at 15:29
Penalties :
Nicolas Roy (TOR) for Cross-checking (Minor) at 6:52, Pierre-Luc Dubois (HFD) for Tripping (Minor) at 17:55
3rd period
9. Hartford Whalers , Jordan Kyrou 5 (Pierre-Luc Dubois 6, Braden Schneider 1) at 1:48
10. Hartford Whalers , Jonathan Drouin 5 (Anthony Cirelli 3, Devon Toews 2) at 13:16
11. Hartford Whalers , Kaiden Guhle 1 (Tyler Seguin 6, Pierre-Luc Dubois 7) at 14:23 (PP)
Penalties :
Tyson Foerster (HFD) for Interference (Minor) at 8:53, Scott Laughton (TOR) for Tripping (Minor) at 14:11
Goalie Stats
Samuel Montembeault (HFD), 33 saves from 38 shots - (0.868), W, 4-3-2, 60:00 minutes
Joonas Korpisalo (TOR), 34 saves from 40 shots - (0.850), L, 0-3-0, 58:55 minutes
Players Stats for Hartford Whalers
Player Name G A P +/- PIM S H SB GA TA FO MP PP MP PK MP
------------------------------------------------------------------------------------
Anthony Cirelli 0 1 1 1 0 1 0 2 0 0 6/13 15:38 0:54 2:34
Braden Schneider 0 1 1 -3 0 3 3 2 0 1 0/0 24:04 4:00 1:23
Devon Toews 0 2 2 3 0 2 0 0 0 0 0/0 20:28 4:09 0:00
Dylan Guenther 0 0 0 -3 0 2 1 0 1 0 1/1 17:05 3:30 0:09
Frank Nazar 1 0 1 2 0 3 1 0 0 0 0/0 11:04 0:48 1:27
Jeff Petry 0 0 0 2 0 0 2 0 0 2 0/0 14:59 0:00 1:27
Jonathan Drouin 1 0 1 1 0 3 1 0 2 0 0/0 11:26 0:00 0:00
Jordan Kyrou 1 1 2 2 0 5 0 0 1 0 0/0 16:58 3:45 0:00
Joshua Norris 0 0 0 -3 0 1 0 0 0 0 2/6 16:22 0:00 1:57
Kaiden Guhle 1 0 1 -3 0 3 1 2 0 0 0/0 20:43 4:00 2:44
Matthew Coronato 0 0 0 1 0 1 1 0 1 0 0/0 12:07 0:54 0:00
Nick Suzuki 0 0 0 -3 0 5 0 1 0 0 4/10 16:39 3:30 0:05
Pierre-Luc Dubois 1 2 3 2 2 3 1 0 1 0 0/0 18:04 3:51 1:08
Seth Jones 0 0 0 3 2 1 7 2 0 1 0/0 26:18 4:09 2:40
Sidney Crosby 0 1 1 2 0 5 0 1 0 0 11/18 16:41 3:30 0:00
Simon Edvinsson 0 0 0 2 2 0 1 0 0 0 0/0 13:26 0:00 0:00
Tyler Seguin 1 2 3 2 0 2 0 0 0 0 2/6 12:40 3:45 0:00
Tyson Foerster 0 1 1 2 2 0 1 1 0 0 0/2 11:07 0:00 0:54
Players Stats for Toronto Maple Leafs
Player Name G A P +/- PIM S H SB GA TA FO MP PP MP PK MP
------------------------------------------------------------------------------------
Aaron Ekblad 0 1 1 1 0 2 2 2 0 1 0/0 21:37 1:33 3:43
Bowen Byram 0 0 0 0 0 1 1 0 0 0 0/0 19:33 1:39 0:38
Brady Tkachuk 1 1 2 0 0 4 3 1 0 0 0/0 17:26 1:52 1:53
Brandon Saad 0 1 1 0 0 1 1 0 0 0 1/1 11:45 0:20 0:00
Cody Ceci 0 0 0 -2 0 0 0 2 0 1 0/0 16:32 0:00 4:18
Eric Robinson 0 0 0 -2 0 0 1 0 0 0 0/1 8:34 0:20 0:00
Mackie Samoskevich 0 0 0 -2 0 2 1 0 0 0 0/0 8:12 0:00 0:00
Mario Ferraro 0 1 1 -1 0 3 0 4 0 1 0/0 22:16 0:12 3:43
Nicolas Roy 0 0 0 -2 4 2 1 0 0 1 1/2 10:25 0:00 1:41
Quinton Byfield 1 1 2 0 0 5 0 0 1 0 0/0 15:50 1:55 0:00
Ryan Hartman 0 1 1 0 0 1 3 0 0 0 0/0 12:19 0:20 0:00
Ryan Pulock 0 1 1 -2 0 1 1 2 0 0 0/0 24:18 2:26 3:48
Sam Bennett 1 0 1 0 0 2 2 0 0 0 10/20 18:54 1:55 3:18
Sam Malinski 0 0 0 0 0 0 1 0 0 1 0/0 15:44 2:24 0:08
Scott Laughton 1 1 2 0 2 4 1 0 0 1 8/12 15:28 0:00 3:35
Troy Terry 1 0 1 0 0 4 0 0 1 0 0/1 15:29 1:52 0:00
Warren Foegele 0 0 0 0 4 4 1 0 1 0 0/1 17:42 1:55 1:40
Wyatt Johnston 0 2 2 0 0 2 1 3 1 0 10/18 19:43 1:52 4:11
3 Stars
1 - Tyler Seguin (HFD)
2 - Pierre-Luc Dubois (HFD)
3 - Jordan Kyrou (HFD)
Power Play
Hartford Whalers - 1 on 5 Attempt(s) - 20.00%
Toronto Maple Leafs - 2 on 4 Attempt(s) - 50.00%
Penalty Kill
Hartford Whalers - 2 on 4 Attempt(s) - 50.00%
- Score 0 goal in Penalty Kill
Toronto Maple Leafs - 4 on 5 Attempt(s) - 80.00%
- Score 0 goal in Penalty Kill
Team Stat
Hartford Whalers - Hits : 20 - Faceoff Wins : 26 - Blocked Shots : 11 - Penalty Minutes : 8
Toronto Maple Leafs - Hits : 20 - Faceoff Wins : 30 - Blocked Shots : 14 - Penalty Minutes : 10
Official
Referees : Tj Luxmore and Francois St Laurent
Linesman : Bryan Pancich and CJ Murray
Game Notes
5:56 of 1st period - Toronto Maple Leafs goal is going for a video replay. After video review, Goal.
Finance
Level 1 -- Attendance: 5157 (85.95%) -- Ticket Income $484,758
Level 2 -- Attendance: 5000 (100.00%) -- Ticket Income $270,000
Level 3 -- Attendance: 2888 (96.27%) -- Ticket Income $95,304
Level 4 -- Attendance: 5000 (100.00%) -- Ticket Income $105,000
Luxury Box -- Attendance: 760 (76.00%) -- Ticket Income $146,680
Game was played at the Air Canada Centre.
Total Attendance: 18805 (94.03%)
Total Ticket Income: $1,101,742
Other Income: $385,610
Total Income: $1,487,352
Hartford Whalers
5 vs 5 Forward
Center Left Wing Right Wing Time % Phy DF OF
1 Nick Suzuki Joshua Norris Dylan Guenther 30 0 1 4
2 Sidney Crosby Pierre-Luc Dubois Jordan Kyrou 30 0 1 4
3 Anthony Cirelli Jonathan Drouin Matthew Coronato 25 0 2 3
4 Tyler Seguin Tyson Foerster Frank Nazar 15 0 2 3
5 vs 5 Defense
Defense Defense Time % Phy DF OF
1 Kaiden Guhle Braden Schneider 30 1 3 1
2 Devon Toews Seth Jones 30 1 3 1
3 Simon Edvinsson Jeff Petry 25 1 3 1
4 Seth Jones Braden Schneider 15 1 3 1
PowerPlay Forward
Center Left Wing Right Wing Time % Phy DF OF
1 Sidney Crosby Dylan Guenther Nick Suzuki 50 0 1 4
2 Tyler Seguin Pierre-Luc Dubois Jordan Kyrou 50 0 1 4
PowerPlay Defense
Defense Defense Time % Phy DF OF
1 Devon Toews Seth Jones 50 1 1 3
2 Kaiden Guhle Braden Schneider 50 1 1 3
Penalty Kill 4 Players Forward
Center Wing Time % Phy DF OF
1 Joshua Norris Tyson Foerster 50 0 4 1
2 Anthony Cirelli Frank Nazar 50 0 4 1
Penalty Kill 4 Players Defense
Defense Defense Time % Phy DF OF
1 Kaiden Guhle Seth Jones 50 1 4 0
2 Braden Schneider Jeff Petry 50 1 4 0
Penalty Kill - 3 Players Forward
Forward Time % Phy DF OF
1 Joshua Norris 50 1 4 0
2 Anthony Cirelli 50 1 4 0
Penalty Kill - 3 Players Defense
Defense Defense Time % Phy DF OF
1 Seth Jones Braden Schneider 50 1 4 0
2 Kaiden Guhle Jeff Petry 50 1 4 0
4 vs 4 Forward
Center Wing Time % Phy DF OF
1 Sidney Crosby Nick Suzuki 50 0 3 2
2 Joshua Norris Anthony Cirelli 50 0 3 2
4 vs 4 Defense
Defense Defense Time % Phy DF OF
1 Devon Toews Seth Jones 50 0 3 2
2 Kaiden Guhle Braden Schneider 50 0 3 2
Last Minutes Offensive
Center Left Wing Right Wing Defense Defense
Sidney Crosby Dylan Guenther Nick Suzuki Devon Toews Seth Jones
Last Minutes Defensive
Center Left Wing Right Wing Defense Defense
Joshua Norris Tyson Foerster Anthony Cirelli Kaiden Guhle Braden Schneider
Goaltenders
Starting : Samuel Montembeault
Backup : Lukas Dostal
Extra Forwards
Normal : Dylan Guenther, Jordan Kyrou, Jonathan Drouin - PP : Dylan Guenther, Tyler Seguin - PK : Anthony Cirelli
Extra Defensemen
Normal : Braden Schneider, Kaiden Guhle, Seth Jones - PP : Devon Toews - PK : Kaiden Guhle, Braden Schneider
Penalty Shots
Tyler Seguin, Pierre-Luc Dubois, Frank Nazar, Sidney Crosby, Nick Suzuki
Scratches
Shakir Mukhamadullin (Healthy)
Toronto Maple Leafs
5 vs 5 Forward
Center Left Wing Right Wing Time % Phy DF OF
1 Wyatt Johnston Brady Tkachuk Troy Terry 30 1 2 2
2 Sam Bennett Quinton Byfield Warren Foegele 30 1 2 2
3 Scott Laughton Brandon Saad Ryan Hartman 25 1 2 2
4 Nicolas Roy Eric Robinson Mackie Samoskevich 15 1 3 1
5 vs 5 Defense
Defense Defense Time % Phy DF OF
1 Ryan Pulock Mario Ferraro 30 1 2 2
2 Aaron Ekblad Bowen Byram 30 1 2 2
3 Cody Ceci Sam Malinski 25 1 2 2
4 Ryan Pulock Mario Ferraro 15 1 2 2
PowerPlay Forward
Center Left Wing Right Wing Time % Phy DF OF
1 Wyatt Johnston Brady Tkachuk Troy Terry 50 1 2 2
2 Sam Bennett Quinton Byfield Warren Foegele 50 1 2 2
PowerPlay Defense
Defense Defense Time % Phy DF OF
1 Aaron Ekblad Bowen Byram 50 1 2 2
2 Ryan Pulock Sam Malinski 50 1 2 2
Penalty Kill 4 Players Forward
Center Wing Time % Phy DF OF
1 Scott Laughton Warren Foegele 50 1 2 2
2 Wyatt Johnston Nicolas Roy 50 1 2 2
Penalty Kill 4 Players Defense
Defense Defense Time % Phy DF OF
1 Mario Ferraro Aaron Ekblad 50 1 2 2
2 Ryan Pulock Cody Ceci 50 1 2 2
Penalty Kill - 3 Players Forward
Forward Time % Phy DF OF
1 Scott Laughton 50 1 2 2
2 Wyatt Johnston 50 1 2 2
Penalty Kill - 3 Players Defense
Defense Defense Time % Phy DF OF
1 Mario Ferraro Aaron Ekblad 50 1 2 2
2 Ryan Pulock Cody Ceci 50 1 2 2
4 vs 4 Forward
Center Wing Time % Phy DF OF
1 Wyatt Johnston Brady Tkachuk 50 1 2 2
2 Sam Bennett Quinton Byfield 50 1 2 2
4 vs 4 Defense
Defense Defense Time % Phy DF OF
1 Aaron Ekblad Bowen Byram 50 1 2 2
2 Ryan Pulock Mario Ferraro 50 1 2 2
Last Minutes Offensive
Center Left Wing Right Wing Defense Defense
Wyatt Johnston Brady Tkachuk Troy Terry Aaron Ekblad Bowen Byram
Last Minutes Defensive
Center Left Wing Right Wing Defense Defense
Wyatt Johnston Scott Laughton Warren Foegele Ryan Pulock Mario Ferraro
Goaltenders
Starting : Joonas Korpisalo
Backup : Matt Villalta
Extra Forwards
Normal : Ryan Hartman, Eric Robinson, Mackie Samoskevich - PP : Brandon Saad, Ryan Hartman - PK : Sam Bennett
Extra Defensemen
Normal : Sam Malinski, Cody Ceci, Bowen Byram - PP : Mario Ferraro - PK : Bowen Byram, Sam Malinski
Penalty Shots
Troy Terry, Quinton Byfield, Wyatt Johnston, Nicolas Roy, Brady Tkachuk
Scratches
Nick Bjugstad (Healthy), Brendan Brisson (Healthy), Lucas Carlsson (Healthy), Lassi Thomson (Healthy), Frederik Andersen (Healthy)
Garin Bjorklund (Sprained Left Ankle Injury)
% Time on Ice - Hartford Whalers
Lines # - Real PCT - Wanted PCT - Time Play
Normal Forward
1 - 29% - 30% - 13:30
2 - 28% - 30% - 13:15
3 - 23% - 25% - 10:55
4 - 19% - 15% - 8:53
Normal Defense
1 - 28% - 30% - 13:16
2 - 34% - 30% - 15:56
3 - 29% - 25% - 13:27
4 - 8% - 15% - 3:54
PP Forward
1 - 53% - 50% - 4:18
2 - 47% - 50% - 3:51
PP Defense
1 - 51% - 50% - 4:09
2 - 49% - 50% - 4:00
PK Forward
1 - 65% - 50% - 2:40
2 - 35% - 50% - 1:27
PK Defense
1 - 66% - 50% - 2:44
2 - 34% - 50% - 1:23
PK3 Forward
1 - 0% - 50%
2 - 0% - 50%
PK3 Defense
1 - 0% - 50%
2 - 0% - 50%
44 Forward
1 - 0% - 50%
2 - 0% - 50%
44 Defense
1 - 0% - 50%
2 - 0% - 50%
Last Minute Offensive - 0:00
Last Minute Defensive - 1:11
Total
Forward - 60:00
Defense - 60:00
|
% Time on Ice - Toronto Maple Leafs
Lines # - Real PCT - Wanted PCT - Time Play
Normal Forward
1 - 28% - 30% - 13:01
2 - 30% - 30% - 13:58
3 - 24% - 25% - 11:23
4 - 18% - 15% - 8:12
Normal Defense
1 - 29% - 30% - 13:36
2 - 35% - 30% - 16:06
3 - 26% - 25% - 12:18
4 - 10% - 15% - 4:34
PP Forward
1 - 53% - 50% - 2:12
2 - 47% - 50% - 1:55
PP Defense
1 - 41% - 50% - 1:41
2 - 59% - 50% - 2:26
PK Forward
1 - 53% - 50% - 4:21
2 - 47% - 50% - 3:48
PK Defense
1 - 46% - 50% - 3:43
2 - 54% - 50% - 4:26
PK3 Forward
1 - 0% - 50%
2 - 0% - 50%
PK3 Defense
1 - 0% - 50%
2 - 0% - 50%
44 Forward
1 - 0% - 50%
2 - 0% - 50%
44 Defense
1 - 0% - 50%
2 - 0% - 50%
Last Minute Offensive - 1:10
Last Minute Defensive - 0:00
Total
Forward - 60:00
Defense - 60:00
|
Play-by-Play
1st period
0:01 of 1st period - Wyatt Johnston wins face-off versus Nick Suzuki in neutral zone.
0:08 of 1st period - Wrist shot by Troy Terry.
0:08 of 1st period - Goal by Troy Terry - Hartford Whalers : 0 - Toronto Maple Leafs : 1.
0:09 of 1st period - Sam Bennett wins face-off versus Sidney Crosby in neutral zone.
0:18 of 1st period - Snap shot by Quinton Byfield.
0:18 of 1st period - Stopped by Samuel Montembeault without a rebound.
0:19 of 1st period - Sidney Crosby wins face-off versus Sam Bennett in Hartford Whalers zone.
0:34 of 1st period - Snap shot by Warren Foegele.
0:34 of 1st period - Stopped by Samuel Montembeault without a rebound.
0:35 of 1st period - Scott Laughton wins face-off versus Anthony Cirelli in Hartford Whalers zone.
1:10 of 1st period - Snap shot by Mackie Samoskevich.
1:10 of 1st period - Stopped by Samuel Montembeault without a rebound.
1:11 of 1st period - Nick Suzuki wins face-off versus Wyatt Johnston in Hartford Whalers zone.
1:18 of 1st period - Wrist shot by Nick Suzuki.
1:18 of 1st period - Stopped by Joonas Korpisalo without a rebound.
1:19 of 1st period - Dylan Guenther wins face-off versus Wyatt Johnston in Toronto Maple Leafs zone.
1:41 of 1st period - Snap shot by Dylan Guenther.
1:41 of 1st period - Stopped by Joonas Korpisalo with a rebound.
1:43 of 1st period - Slapshot by Braden Schneider.
1:43 of 1st period - Shot Misses the Net.
1:45 of 1st period - Wrist shot by Braden Schneider.
1:45 of 1st period - Stopped by Joonas Korpisalo with a rebound.
1:47 of 1st period - Slapshot by Kaiden Guhle.
1:47 of 1st period - Stopped by Joonas Korpisalo with a rebound.
1:49 of 1st period - Snap shot by Joshua Norris.
1:49 of 1st period - Stopped by Joonas Korpisalo with a rebound.
1:51 of 1st period - Slapshot by Kaiden Guhle.
1:51 of 1st period - Stopped by Joonas Korpisalo with a rebound.
1:53 of 1st period - Snap shot by Braden Schneider.
1:53 of 1st period - Stopped by Joonas Korpisalo without a rebound.
1:54 of 1st period - Sidney Crosby wins face-off versus Scott Laughton in Toronto Maple Leafs zone.
2:09 of 1st period - Snap shot by Sidney Crosby.
2:09 of 1st period - Stopped by Joonas Korpisalo with a rebound.
2:11 of 1st period - Slapshot by Devon Toews.
2:11 of 1st period - Deflect By Aaron Ekblad.
2:11 of 1st period - Stopped by Joonas Korpisalo without a rebound.
2:12 of 1st period - Anthony Cirelli wins face-off versus Sam Bennett in Toronto Maple Leafs zone.
2:15 of 1st period - Snap shot by Anthony Cirelli.
2:15 of 1st period - Shot Blocked by Mario Ferraro.
2:31 of 1st period - Quinton Byfield is hit by Matthew Coronato and loses puck.
2:46 of 1st period - Wrist shot by Tyson Foerster.
2:46 of 1st period - Shot Misses the Net.
2:48 of 1st period - Snap shot by Tyler Seguin.
2:48 of 1st period - Shot Misses the Net.
2:50 of 1st period - Snap shot by Tyson Foerster.
2:50 of 1st period - Shot Misses the Net.
2:52 of 1st period - Wrist shot by Tyson Foerster.
2:52 of 1st period - Shot Blocked by Cody Ceci.
2:54 of 1st period - Snap shot by Braden Schneider.
2:54 of 1st period - Shot Misses the Net.
3:39 of 1st period - Wrist shot by Nick Suzuki.
3:39 of 1st period - Stopped by Joonas Korpisalo without a rebound.
3:40 of 1st period - Anthony Cirelli wins face-off versus Sam Bennett in Toronto Maple Leafs zone.
3:57 of 1st period - Mario Ferraro is hit by Seth Jones and loses puck.
4:51 of 1st period - Kaiden Guhle is hit by Brady Tkachuk and loses puck.
5:46 of 1st period - Slapshot by Wyatt Johnston.
5:46 of 1st period - Stopped by Samuel Montembeault without a rebound.
5:47 of 1st period - Sam Bennett wins face-off versus Tyson Foerster in Hartford Whalers zone.
5:50 of 1st period - Snap shot by Quinton Byfield.
5:50 of 1st period - Shot Misses the Net.
5:52 of 1st period - Minor Penalty to Seth Jones for High sticking.
5:53 of 1st period - Sam Bennett wins face-off versus Anthony Cirelli in Hartford Whalers zone.
5:54 of 1st period - Wrist shot by Quinton Byfield.
5:54 of 1st period - Shot Misses the Net.
5:56 of 1st period - Snap shot by Aaron Ekblad.
5:56 of 1st period - Deflect By Sam Bennett.
5:56 of 1st period - Toronto Maple Leafs goal is going for a video replay.
5:56 of 1st period - The goal is good.
5:56 of 1st period - Goal by Sam Bennett - Hartford Whalers : 0 - Toronto Maple Leafs : 2.
5:57 of 1st period - Anthony Cirelli wins face-off versus Sam Bennett in neutral zone.
6:10 of 1st period - Snap shot by Sam Bennett.
6:10 of 1st period - Stopped by Samuel Montembeault with a rebound.
6:24 of 1st period - Icing by Aaron Ekblad.
6:25 of 1st period - Sidney Crosby wins face-off versus Eric Robinson in Toronto Maple Leafs zone.
6:50 of 1st period - Snap shot by Pierre-Luc Dubois.
6:50 of 1st period - Shot Misses the Net.
6:59 of 1st period - Minor Penalty to Nicolas Roy for Slashing.
7:00 of 1st period - Scott Laughton wins face-off versus Sidney Crosby in Toronto Maple Leafs zone.
7:24 of 1st period - Slapshot by Tyler Seguin.
7:24 of 1st period - Deflect By Jordan Kyrou.
7:24 of 1st period - Shot Misses the Net.
7:24 of 1st period - Puck is out of play.
7:25 of 1st period - Wyatt Johnston wins face-off versus Tyler Seguin in Toronto Maple Leafs zone.
8:59 of 1st period - Penalty to Nicolas Roy is over, Nicolas Roy is back on ice.
9:15 of 1st period - Bowen Byram is hit by Jonathan Drouin and loses puck.
9:39 of 1st period - Minor Penalty to Simon Edvinsson for Goalie Interference.
9:40 of 1st period - Wyatt Johnston wins face-off versus Joshua Norris in Hartford Whalers zone.
9:42 of 1st period - Snap shot by Brady Tkachuk.
9:42 of 1st period - Stopped by Samuel Montembeault with a rebound.
9:44 of 1st period - Slapshot by Ryan Pulock.
9:44 of 1st period - Deflect By Brady Tkachuk.
9:44 of 1st period - Goal by Brady Tkachuk - Hartford Whalers : 0 - Toronto Maple Leafs : 3.
9:45 of 1st period - Sidney Crosby wins face-off versus Sam Bennett in neutral zone.
9:50 of 1st period - Wrist shot by Sidney Crosby.
9:50 of 1st period - Stopped by Joonas Korpisalo with a rebound.
9:54 of 1st period - Snap shot by Pierre-Luc Dubois.
9:54 of 1st period - Shot Blocked by Ryan Pulock.
9:56 of 1st period - Snap shot by Pierre-Luc Dubois.
9:56 of 1st period - Stopped by Joonas Korpisalo with a rebound.
9:58 of 1st period - Wrist shot by Pierre-Luc Dubois.
9:58 of 1st period - Deflect By Sidney Crosby.
9:58 of 1st period - Shot Misses the Net.
9:58 of 1st period - Puck is out of play.
9:59 of 1st period - Brandon Saad wins face-off versus Tyler Seguin in Toronto Maple Leafs zone.
11:34 of 1st period - Nicolas Roy is hit by Jeff Petry and loses puck.
13:34 of 1st period - Snap shot by Jordan Kyrou.
13:34 of 1st period - Shot Misses the Net.
13:36 of 1st period - Wrist shot by Jordan Kyrou.
13:36 of 1st period - Shot Blocked by Wyatt Johnston.
13:38 of 1st period - Wrist shot by Jordan Kyrou.
13:38 of 1st period - Stopped by Joonas Korpisalo with a rebound.
13:40 of 1st period - Wrist shot by Jordan Kyrou.
13:40 of 1st period - Shot Misses the Net.
13:42 of 1st period - Slapshot by Seth Jones.
13:42 of 1st period - Shot Blocked by Mario Ferraro.
13:44 of 1st period - Slapshot by Devon Toews.
13:44 of 1st period - Deflect By Sidney Crosby.
13:44 of 1st period - Stopped by Joonas Korpisalo with a rebound.
14:22 of 1st period - Anthony Cirelli is hit by Nicolas Roy and loses puck.
15:47 of 1st period - Braden Schneider is hit by Ryan Hartman and loses puck.
16:06 of 1st period - Kaiden Guhle is hit by Aaron Ekblad and loses puck.
16:33 of 1st period - Snap shot by Frank Nazar.
16:33 of 1st period - Stopped by Joonas Korpisalo without a rebound.
16:34 of 1st period - Nick Suzuki wins face-off versus Sam Bennett in Toronto Maple Leafs zone.
16:49 of 1st period - Aaron Ekblad is hit by Seth Jones and loses puck.
17:04 of 1st period - Pierre-Luc Dubois is hit by Brandon Saad and loses puck.
17:11 of 1st period - Wrist shot by Scott Laughton.
17:11 of 1st period - Shot Misses the Net.
18:19 of 1st period - Backhand shot by Tyler Seguin.
18:19 of 1st period - Goal by Tyler Seguin - Hartford Whalers : 1 - Toronto Maple Leafs : 3.
18:20 of 1st period - Sidney Crosby wins face-off versus Sam Bennett in neutral zone.
18:43 of 1st period - Double Minor Penalty to Warren Foegele for Slashing.
18:44 of 1st period - Scott Laughton wins face-off versus Tyler Seguin in Toronto Maple Leafs zone.
19:10 of 1st period - Kaiden Guhle is hit by Ryan Pulock and loses puck.
Goals for this period are 1 for Hartford Whalers vs 3 for Toronto Maple Leafs.
Shots for this period are 16 for Hartford Whalers vs 9 for Toronto Maple Leafs.
2nd period
0:01 of 2nd period - Sidney Crosby wins face-off versus Wyatt Johnston in neutral zone.
0:40 of 2nd period - Snap shot by Pierre-Luc Dubois.
0:40 of 2nd period - Shot Blocked by Aaron Ekblad.
0:42 of 2nd period - Slapshot by Seth Jones.
0:42 of 2nd period - Stopped by Joonas Korpisalo with a rebound.
1:38 of 2nd period - Brady Tkachuk is hit by Braden Schneider.
2:00 of 2nd period - Cody Ceci is hit by Seth Jones and loses puck.
2:11 of 2nd period - Bowen Byram is hit by Frank Nazar and loses puck.
2:22 of 2nd period - Cody Ceci is hit by Seth Jones and loses puck.
2:39 of 2nd period - Sam Bennett is hit by Seth Jones and loses puck.
2:43 of 2nd period - Penalty to Warren Foegele is over, Warren Foegele is back on ice.
2:50 of 2nd period - Frank Nazar is hit by Eric Robinson.
2:54 of 2nd period - Frank Nazar is hit by Bowen Byram.
3:31 of 2nd period - Wrist shot by Nick Suzuki.
3:31 of 2nd period - Shot Misses the Net.
3:41 of 2nd period - Jordan Kyrou is hit by Brady Tkachuk and loses puck.
4:00 of 2nd period - Sam Bennett is hit by Jeff Petry and loses puck.
4:13 of 2nd period - Sidney Crosby is hit by Ryan Hartman and loses puck.
4:30 of 2nd period - Braden Schneider is hit by Brady Tkachuk.
4:39 of 2nd period - Icing by Joshua Norris.
4:40 of 2nd period - Scott Laughton wins face-off versus Nick Suzuki in Hartford Whalers zone.
4:45 of 2nd period - Wrist shot by Quinton Byfield.
4:45 of 2nd period - Goal by Quinton Byfield - Hartford Whalers : 1 - Toronto Maple Leafs : 4.
4:46 of 2nd period - Anthony Cirelli wins face-off versus Scott Laughton in neutral zone.
4:48 of 2nd period - Off-side.
4:49 of 2nd period - Anthony Cirelli wins face-off versus Scott Laughton in neutral zone.
5:43 of 2nd period - Wrist shot by Dylan Guenther.
5:43 of 2nd period - Stopped by Joonas Korpisalo without a rebound.
5:44 of 2nd period - Scott Laughton wins face-off versus Anthony Cirelli in Toronto Maple Leafs zone.
6:01 of 2nd period - Slapshot by Anthony Cirelli.
6:01 of 2nd period - Stopped by Joonas Korpisalo with a rebound.
6:11 of 2nd period - Pierre-Luc Dubois is hit by Sam Bennett.
6:42 of 2nd period - Snap shot by Troy Terry.
6:42 of 2nd period - Stopped by Samuel Montembeault with a rebound.
6:52 of 2nd period - Minor Penalty to Nicolas Roy for Cross-checking.
6:53 of 2nd period - Wyatt Johnston wins face-off versus Tyler Seguin in Toronto Maple Leafs zone.
7:49 of 2nd period - Pierre-Luc Dubois is hit by Scott Laughton and loses puck.
8:52 of 2nd period - Penalty to Nicolas Roy is over, Nicolas Roy is back on ice.
9:00 of 2nd period - Snap shot by Matthew Coronato.
9:00 of 2nd period - Stopped by Joonas Korpisalo with a rebound.
9:48 of 2nd period - Wrist shot by Quinton Byfield.
9:48 of 2nd period - Shot Misses the Net.
9:50 of 2nd period - Slapshot by Aaron Ekblad.
9:50 of 2nd period - Shot Misses the Net.
10:40 of 2nd period - Slapshot by Bowen Byram.
10:40 of 2nd period - Shot Blocked by Anthony Cirelli.
10:52 of 2nd period - Wrist shot by Nick Suzuki.
10:52 of 2nd period - Stopped by Joonas Korpisalo without a rebound.
10:53 of 2nd period - Sam Bennett wins face-off versus Nick Suzuki in Toronto Maple Leafs zone.
10:58 of 2nd period - Wrist shot by Sam Bennett.
10:58 of 2nd period - Shot Misses the Net.
11:00 of 2nd period - Wrist shot by Sam Malinski.
11:00 of 2nd period - Shot Misses the Net.
11:02 of 2nd period - Slapshot by Quinton Byfield.
11:02 of 2nd period - Stopped by Samuel Montembeault with a rebound.
11:04 of 2nd period - Snap shot by Mario Ferraro.
11:04 of 2nd period - Stopped by Samuel Montembeault with a rebound.
11:06 of 2nd period - Slapshot by Mario Ferraro.
11:06 of 2nd period - Shot Blocked by Nick Suzuki.
11:20 of 2nd period - Slapshot by Mario Ferraro.
11:20 of 2nd period - Stopped by Samuel Montembeault with a rebound.
11:22 of 2nd period - Snap shot by Ryan Hartman.
11:22 of 2nd period - Shot Misses the Net.
11:24 of 2nd period - Slapshot by Scott Laughton.
11:24 of 2nd period - Goal by Scott Laughton - Hartford Whalers : 1 - Toronto Maple Leafs : 5.
11:25 of 2nd period - Scott Laughton wins face-off versus Sidney Crosby in neutral zone.
11:38 of 2nd period - Wrist shot by Jordan Kyrou.
11:38 of 2nd period - Deflect By Ryan Pulock.
11:38 of 2nd period - Stopped by Joonas Korpisalo with a rebound.
11:40 of 2nd period - Snap shot by Pierre-Luc Dubois.
11:40 of 2nd period - Goal by Pierre-Luc Dubois - Hartford Whalers : 2 - Toronto Maple Leafs : 5.
11:41 of 2nd period - Sam Bennett wins face-off versus Sidney Crosby in neutral zone.
11:45 of 2nd period - Icing by Seth Jones.
11:46 of 2nd period - Sam Bennett wins face-off versus Sidney Crosby in Hartford Whalers zone.
12:23 of 2nd period - Snap shot by Ryan Hartman.
12:23 of 2nd period - Stopped by Samuel Montembeault with a rebound.
12:25 of 2nd period - Slapshot by Mario Ferraro.
12:25 of 2nd period - Stopped by Samuel Montembeault with a rebound.
12:43 of 2nd period - Slapshot by Nick Suzuki.
12:43 of 2nd period - Stopped by Joonas Korpisalo with a rebound.
12:45 of 2nd period - Snap shot by Dylan Guenther.
12:45 of 2nd period - Deflect By Nick Suzuki.
12:45 of 2nd period - Shot Blocked by Wyatt Johnston.
12:45 of 2nd period - Puck is out of play.
12:46 of 2nd period - Sam Bennett wins face-off versus Sidney Crosby in Toronto Maple Leafs zone.
13:22 of 2nd period - Snap shot by Ryan Hartman.
13:22 of 2nd period - Shot Misses the Net.
13:24 of 2nd period - Slapshot by Aaron Ekblad.
13:24 of 2nd period - Stopped by Samuel Montembeault with a rebound.
13:26 of 2nd period - Slapshot by Aaron Ekblad.
13:26 of 2nd period - Stopped by Samuel Montembeault with a rebound.
14:41 of 2nd period - Sam Malinski is hit by Kaiden Guhle and loses puck.
15:04 of 2nd period - Snap shot by Jonathan Drouin.
15:04 of 2nd period - Shot Misses the Net.
15:20 of 2nd period - Nicolas Roy is hit by Braden Schneider and loses puck.
15:25 of 2nd period - Wrist shot by Tyler Seguin.
15:25 of 2nd period - Stopped by Joonas Korpisalo with a rebound.
15:27 of 2nd period - Slapshot by Devon Toews.
15:27 of 2nd period - Deflect By Mackie Samoskevich.
15:27 of 2nd period - Stopped by Joonas Korpisalo with a rebound.
15:29 of 2nd period - Slapshot by Frank Nazar.
15:29 of 2nd period - Goal by Frank Nazar - Hartford Whalers : 3 - Toronto Maple Leafs : 5.
15:30 of 2nd period - Sidney Crosby wins face-off versus Sam Bennett in neutral zone.
16:28 of 2nd period - Wrist shot by Scott Laughton.
16:28 of 2nd period - Stopped by Samuel Montembeault with a rebound.
16:30 of 2nd period - Backhand shot by Ryan Hartman.
16:30 of 2nd period - Deflect By Brandon Saad.
16:30 of 2nd period - Stopped by Samuel Montembeault without a rebound.
16:31 of 2nd period - Sidney Crosby wins face-off versus Sam Bennett in Hartford Whalers zone.
16:31 of 2nd period - Sidney Crosby is hit by Sam Bennett.
16:37 of 2nd period - Wrist shot by Warren Foegele.
16:37 of 2nd period - Stopped by Samuel Montembeault with a rebound.
16:41 of 2nd period - Snap shot by Quinton Byfield.
16:41 of 2nd period - Shot Misses the Net.
16:43 of 2nd period - Snap shot by Quinton Byfield.
16:43 of 2nd period - Shot Misses the Net.
16:45 of 2nd period - Snap shot by Sam Bennett.
16:45 of 2nd period - Shot Misses the Net.
16:47 of 2nd period - Snap shot by Warren Foegele.
16:47 of 2nd period - Shot Blocked by Seth Jones.
17:15 of 2nd period - Icing by Bowen Byram.
17:16 of 2nd period - Scott Laughton wins face-off versus Anthony Cirelli in Toronto Maple Leafs zone.
17:25 of 2nd period - Snap shot by Scott Laughton.
17:25 of 2nd period - Shot Blocked by Kaiden Guhle.
17:55 of 2nd period - Minor Penalty to Pierre-Luc Dubois for Tripping.
17:56 of 2nd period - Sam Bennett wins face-off versus Anthony Cirelli in Hartford Whalers zone.
18:03 of 2nd period - Off-side.
18:04 of 2nd period - Sam Bennett wins face-off versus Anthony Cirelli in neutral zone.
18:13 of 2nd period - Warren Foegele is hit by Seth Jones and loses puck.
18:35 of 2nd period - Off-side.
18:36 of 2nd period - Wyatt Johnston wins face-off versus Tyson Foerster in neutral zone.
19:33 of 2nd period - Anthony Cirelli is hit by Sam Malinski and loses puck.
19:55 of 2nd period - Penalty to Pierre-Luc Dubois is over, Pierre-Luc Dubois is back on ice.
Goals for this period are 2 for Hartford Whalers vs 2 for Toronto Maple Leafs.
Shots for this period are 11 for Hartford Whalers vs 13 for Toronto Maple Leafs.
3rd period
0:01 of 3rd period - Wyatt Johnston wins face-off versus Nick Suzuki in neutral zone.
0:10 of 3rd period - Wrist shot by Nick Suzuki.
0:10 of 3rd period - Stopped by Joonas Korpisalo without a rebound.
0:11 of 3rd period - Sidney Crosby wins face-off versus Warren Foegele in Toronto Maple Leafs zone.
0:16 of 3rd period - Slapshot by Pierre-Luc Dubois.
0:16 of 3rd period - Shot Misses the Net.
0:22 of 3rd period - Snap shot by Sidney Crosby.
0:22 of 3rd period - Stopped by Joonas Korpisalo with a rebound.
0:36 of 3rd period - Mario Ferraro is hit by Dylan Guenther and loses puck.
1:41 of 3rd period - Mario Ferraro is hit by Pierre-Luc Dubois and loses puck.
1:46 of 3rd period - Snap shot by Pierre-Luc Dubois.
1:46 of 3rd period - Shot Misses the Net.
1:48 of 3rd period - Snap shot by Jordan Kyrou.
1:48 of 3rd period - Goal by Jordan Kyrou - Hartford Whalers : 4 - Toronto Maple Leafs : 5.
1:49 of 3rd period - Nick Suzuki wins face-off versus Troy Terry in neutral zone.
1:54 of 3rd period - Snap shot by Nick Suzuki.
1:54 of 3rd period - Shot Blocked by Brady Tkachuk.
2:04 of 3rd period - Slapshot by Dylan Guenther.
2:04 of 3rd period - Shot Blocked by Wyatt Johnston.
2:59 of 3rd period - Tyler Seguin is hit by Aaron Ekblad and loses puck.
3:14 of 3rd period - Aaron Ekblad is hit by Braden Schneider and loses puck.
3:53 of 3rd period - Wrist shot by Quinton Byfield.
3:53 of 3rd period - Shot Hit the Post.
4:17 of 3rd period - Backhand shot by Ryan Hartman.
4:17 of 3rd period - Shot Blocked by Seth Jones.
4:31 of 3rd period - Seth Jones is hit by Mackie Samoskevich and loses puck.
5:23 of 3rd period - Cody Ceci is hit by Simon Edvinsson and loses puck.
6:02 of 3rd period - Slapshot by Mackie Samoskevich.
6:02 of 3rd period - Stopped by Samuel Montembeault with a rebound.
6:04 of 3rd period - Wrist shot by Eric Robinson.
6:04 of 3rd period - Shot Blocked by Sidney Crosby.
6:06 of 3rd period - Wrist shot by Nicolas Roy.
6:06 of 3rd period - Stopped by Samuel Montembeault with a rebound.
6:08 of 3rd period - Snap shot by Eric Robinson.
6:08 of 3rd period - Deflect By Nicolas Roy.
6:08 of 3rd period - Stopped by Samuel Montembeault with a rebound.
6:10 of 3rd period - Wrist shot by Ryan Pulock.
6:10 of 3rd period - Shot Misses the Net.
6:53 of 3rd period - Icing by Aaron Ekblad.
6:54 of 3rd period - Nicolas Roy wins face-off versus Nick Suzuki in Toronto Maple Leafs zone.
7:38 of 3rd period - Icing by Troy Terry.
7:39 of 3rd period - Tyler Seguin wins face-off versus Sam Bennett in Toronto Maple Leafs zone.
7:42 of 3rd period - Wrist shot by Tyler Seguin.
7:42 of 3rd period - Shot Blocked by Aaron Ekblad.
7:52 of 3rd period - Warren Foegele is hit by Tyson Foerster and loses puck.
7:59 of 3rd period - Tyson Foerster is hit by Warren Foegele and loses puck.
8:36 of 3rd period - Wrist shot by Warren Foegele.
8:36 of 3rd period - Deflect By Quinton Byfield.
8:36 of 3rd period - Stopped by Samuel Montembeault with a rebound.
8:53 of 3rd period - Minor Penalty to Tyson Foerster for Interference.
8:54 of 3rd period - Wyatt Johnston wins face-off versus Joshua Norris in Hartford Whalers zone.
8:58 of 3rd period - Snap shot by Brady Tkachuk.
8:58 of 3rd period - Stopped by Samuel Montembeault without a rebound.
8:59 of 3rd period - Joshua Norris wins face-off versus Wyatt Johnston in Hartford Whalers zone.
10:36 of 3rd period - Pierre-Luc Dubois is hit by Ryan Hartman and loses puck.
10:43 of 3rd period - Snap shot by Brandon Saad.
10:43 of 3rd period - Shot Blocked by Anthony Cirelli.
10:45 of 3rd period - Backhand shot by Brandon Saad.
10:45 of 3rd period - Shot Misses the Net.
10:53 of 3rd period - Penalty to Tyson Foerster is over, Tyson Foerster is back on ice.
11:05 of 3rd period - Wrist shot by Frank Nazar.
11:05 of 3rd period - Stopped by Joonas Korpisalo with a rebound.
11:52 of 3rd period - Off-side.
11:53 of 3rd period - Sidney Crosby wins face-off versus Nicolas Roy in neutral zone.
12:00 of 3rd period - Snap shot by Sidney Crosby.
12:00 of 3rd period - Stopped by Joonas Korpisalo without a rebound.
12:01 of 3rd period - Nick Suzuki wins face-off versus Wyatt Johnston in Toronto Maple Leafs zone.
12:36 of 3rd period - Snap shot by Jordan Kyrou.
12:36 of 3rd period - Stopped by Joonas Korpisalo with a rebound.
12:38 of 3rd period - Wrist shot by Pierre-Luc Dubois.
12:38 of 3rd period - Shot Misses the Net.
13:10 of 3rd period - Backhand shot by Jonathan Drouin.
13:10 of 3rd period - Stopped by Joonas Korpisalo with a rebound.
13:12 of 3rd period - Slapshot by Devon Toews.
13:12 of 3rd period - Shot Blocked by Mario Ferraro.
13:14 of 3rd period - Snap shot by Anthony Cirelli.
13:14 of 3rd period - Shot Hit the Post.
13:16 of 3rd period - Slapshot by Jonathan Drouin.
13:16 of 3rd period - Goal by Jonathan Drouin - Hartford Whalers : 5 - Toronto Maple Leafs : 5.
13:17 of 3rd period - Sidney Crosby wins face-off versus Wyatt Johnston in neutral zone.
13:28 of 3rd period - Snap shot by Jordan Kyrou.
13:28 of 3rd period - Stopped by Joonas Korpisalo with a rebound.
13:44 of 3rd period - Bowen Byram is hit by Seth Jones.
14:11 of 3rd period - Minor Penalty to Scott Laughton for Tripping.
14:12 of 3rd period - Tyler Seguin wins face-off versus Wyatt Johnston in Toronto Maple Leafs zone.
14:21 of 3rd period - Wrist shot by Tyler Seguin.
14:21 of 3rd period - Shot Blocked by Cody Ceci.
14:23 of 3rd period - Slapshot by Kaiden Guhle.
14:23 of 3rd period - Goal by Kaiden Guhle - Hartford Whalers : 6 - Toronto Maple Leafs : 5.
14:24 of 3rd period - Wyatt Johnston wins face-off versus Sidney Crosby in neutral zone.
14:27 of 3rd period - Seth Jones is hit by Wyatt Johnston and loses puck.
14:34 of 3rd period - Snap shot by Pierre-Luc Dubois.
14:34 of 3rd period - Stopped by Joonas Korpisalo with a rebound.
14:36 of 3rd period - Slapshot by Braden Schneider.
14:36 of 3rd period - Stopped by Joonas Korpisalo with a rebound.
14:38 of 3rd period - Slapshot by Braden Schneider.
14:38 of 3rd period - Deflect By Jordan Kyrou.
14:38 of 3rd period - Shot Blocked by Ryan Pulock.
14:38 of 3rd period - Puck is out of play.
14:39 of 3rd period - Sam Bennett wins face-off versus Nick Suzuki in Toronto Maple Leafs zone.
14:46 of 3rd period - Snap shot by Sam Bennett.
14:46 of 3rd period - Shot Misses the Net.
15:09 of 3rd period - Wrist shot by Scott Laughton.
15:09 of 3rd period - Stopped by Samuel Montembeault without a rebound.
15:10 of 3rd period - Scott Laughton wins face-off versus Anthony Cirelli in Hartford Whalers zone.
15:21 of 3rd period - Slapshot by Scott Laughton.
15:21 of 3rd period - Stopped by Samuel Montembeault with a rebound.
16:45 of 3rd period - Snap shot by Tyler Seguin.
16:45 of 3rd period - Shot Misses the Net.
16:51 of 3rd period - Backhand shot by Quinton Byfield.
16:51 of 3rd period - Stopped by Samuel Montembeault with a rebound.
16:53 of 3rd period - Slapshot by Ryan Pulock.
16:53 of 3rd period - Shot Misses the Net.
16:55 of 3rd period - Wrist shot by Warren Foegele.
16:55 of 3rd period - Stopped by Samuel Montembeault with a rebound.
16:57 of 3rd period - Slapshot by Ryan Pulock.
16:57 of 3rd period - Shot Blocked by Tyson Foerster.
16:59 of 3rd period - Snap shot by Warren Foegele.
16:59 of 3rd period - Stopped by Samuel Montembeault without a rebound.
17:00 of 3rd period - Anthony Cirelli wins face-off versus Scott Laughton in Hartford Whalers zone.
17:11 of 3rd period - Snap shot by Jonathan Drouin.
17:11 of 3rd period - Shot Misses the Net.
18:31 of 3rd period - Wrist shot by Seth Jones.
18:31 of 3rd period - Shot Blocked by Mario Ferraro.
18:35 of 3rd period - Wrist shot by Jonathan Drouin.
18:35 of 3rd period - Stopped by Joonas Korpisalo with a rebound.
18:55 of 3rd period - Toronto Maple Leafs, Joonas Korpisalo is pulled from the net.
18:57 of 3rd period - Slapshot by Troy Terry.
18:57 of 3rd period - Stopped by Samuel Montembeault with a rebound.
18:59 of 3rd period - Snap shot by Wyatt Johnston.
18:59 of 3rd period - Shot Blocked by Kaiden Guhle.
19:01 of 3rd period - Slapshot by Ryan Pulock.
19:01 of 3rd period - Deflect By Anthony Cirelli.
19:01 of 3rd period - Stopped by Samuel Montembeault with a rebound.
19:03 of 3rd period - Wrist shot by Wyatt Johnston.
19:03 of 3rd period - Shot Blocked by Braden Schneider.
19:05 of 3rd period - Snap shot by Brady Tkachuk.
19:05 of 3rd period - Deflect By Joshua Norris.
19:05 of 3rd period - Shot Blocked by Braden Schneider.
19:05 of 3rd period - Puck is out of play.
19:06 of 3rd period - Mike Babcock call a timeout for Toronto Maple Leafs.
19:06 of 3rd period - Wyatt Johnston wins face-off versus Joshua Norris in Hartford Whalers zone.
19:11 of 3rd period - Wrist shot by Brady Tkachuk.
19:11 of 3rd period - Shot Misses the Net.
19:13 of 3rd period - Snap shot by Brady Tkachuk.
19:13 of 3rd period - Stopped by Samuel Montembeault without a rebound.
19:14 of 3rd period - Joshua Norris wins face-off versus Wyatt Johnston in Hartford Whalers zone.
19:27 of 3rd period - Snap shot by Troy Terry.
19:27 of 3rd period - Stopped by Samuel Montembeault with a rebound.
19:29 of 3rd period - Snap shot by Bowen Byram.
19:29 of 3rd period - Stopped by Samuel Montembeault without a rebound.
19:30 of 3rd period - Wyatt Johnston wins face-off versus Joshua Norris in Hartford Whalers zone.
19:33 of 3rd period - Wrist shot by Wyatt Johnston.
19:33 of 3rd period - Stopped by Samuel Montembeault with a rebound.
19:43 of 3rd period - Wrist shot by Brady Tkachuk.
19:43 of 3rd period - Shot Misses the Net.
Goals for this period are 3 for Hartford Whalers vs 0 for Toronto Maple Leafs.
Shots for this period are 13 for Hartford Whalers vs 16 for Toronto Maple Leafs.
Back to the Top